 Dungeon Crawl Stone Soup version 0.18.1-1-g2f07953 (webtiles) character file.

28 Danakh the Chopper (level 3, -2/29 HPs)
             Began as a Demonspawn Berserker on May 12, 2016.
             Was a Follower of Trog.
             Slain by a gnoll
             ... wielding a +2 whip of distortion
              (13 damage)
             ... on level 2 of the Dungeon.
             The game lasted 00:02:01 (1002 turns).

Danakh the Chopper (Demonspawn Berserker)           Turns: 1002, Time: 00:02:02

Health: -2/29      AC: 17    Str: 18    XL:     3   Next: 0%
Magic:  12/12      EV:  5    Int:  8    God:    Trog [*.....]
Gold:   61         SH:  0    Dex: 10    Spells: 0 memorised, 2 levels left

rFire  . . .     SeeInvis .     a - +0 hand axe
rCold  . . .     Gourm    .     w - +0 plate armour
rNeg   . . .     Faith    .     (no shield)
rPois  .         Spirit   .     (no helmet)
rElec  .         Dismiss  .     (no cloak)
rCorr  .         Reflect  .     (no gloves)
SustAt .         Harm     .     (no boots)
MR     +....                    (no amulet)
Stlth  ..........               t - ring of protection from magic
                                o - ring of magical power

@: somewhat resistant to hostile enchantments, extremely unstealthy
A: rough black scales 2
a: Berserk, Burn Spellbooks, Renounce Religion


You were on level 2 of the Dungeon.
You worshipped Trog.
Trog was aware of your devotion.
You were not hungry.

You visited 1 branch of the dungeon, and saw 2 of its levels.

You collected 61 gold pieces.

Inventory:

Hand Weapons
 a - a +0 hand axe (weapon)
Armour
 w - a +0 plate armour (worn)
Jewellery
 o - a ring of magical power (left hand)
 t - a ring of protection from magic (right hand)
Wands
 u - a wand of iceblast (6/15)
Scrolls
 e - a scroll of amnesia {unknown}
 f - a scroll of teleportation {unknown}
 g - a scroll of remove curse {unknown}
 h - a scroll of recharging {unknown}
 m - 3 scrolls of identify {unknown}
 q - a scroll of noise {unknown}
 r - a scroll of blinking {unknown}
Potions
 d - 2 potions of curing {unknown}
 j - a potion of lignification {unknown}
 k - a potion of degeneration {unknown}
 l - a potion of might {unknown}
Books
 s - a book of Party Tricks

   Spells                             Type                      Level
   a - Summon Butterflies             Summoning                    1
   b - Apportation                    Translocation                1
   c - Tukima's Dance                 Hexes                        3
   d - Alistair's Intoxication        Transmutation/Poison         5
   e - Invisibility                   Hexes                        6
   Trog disapproves of the use of such an item.
Comestibles
 c - a bread ration
 n - a meat ration
 p - a royal jelly
 v - 2 fruits


   Skills:
 + Level 3.1 Fighting
 * Level 3.2 Axes
 + Level 2.0 Armour
 + Level 2.2 Dodging


You had 2 spell levels left.
You didn't know any spells.

Dungeon Overview and Level Annotations

Branches:
Dungeon (2/15)

Altars:


Innate Abilities, Weirdness & Mutations

You are mostly covered in rough black scales (AC +7, Dex -2).


Message History

The gnoll hits you with a spear. The gnoll barely misses you.
Found a bubbling inky potion.
You see here a halberd.
You hit the gnoll.
The gnoll is moderately wounded.
You hit the gnoll.
The gnoll is lightly wounded.
Your plate armour prevents you from hitting the gnoll.
The bat hits you but does no damage. The gnoll hits you but does no damage.
Space bends around you. The gnoll hits you but does no damage.
The gnoll hits you with an enchanted whip!
You completely miss the gnoll.
The gnoll is moderately wounded.
You miss the bat. You barely miss the gnoll.
The gnoll is lightly wounded.
You hit the gnoll.
The gnoll is lightly wounded.
The bat hits you but does no damage. The gnoll hits you but does no damage.
Space warps horribly around you!
You die...

.... # ### ... #...#
# ##.#.... #...#
##...#..! #...#
#.....#.#### #...#
#.......?.# #...#
#...#.##.#####...##
.##...gb#.(........(#
......g@............#
.###...g#.....<.....#
#.......#####...##
####.#### #...# #.#
#...# #.# #...# #.#
###...## #.#
#......####
#.#...[....


You could see 3 gnolls and a bat.

Vanquished Creatures
  A gnoll (D:2)
  A giant gecko (D:2)
  2 bats (D:1)
  6 giant cockroaches
  2 hobgoblins (D:1)
  A giant newt (D:1)
  A kobold (D:1)
  2 rats (D:1)
16 creatures vanquished.

Notes
Turn   | Place    | Note
--------------------------------------------------------------
     0 | D:1      | Danakh the Demonspawn Berserker began the quest for the Orb.
     0 | D:1      | Reached XP level 1. HP: 18/18 MP: 1/1
   297 | D:1      | Gained mutation: You are partially covered in rough black scales (AC +4, Dex -1). [demonic ancestry]
   297 | D:1      | Reached XP level 2. HP: 24/24 MP: 2/2
   999 | D:2      | Gained mutation: You are mostly covered in rough black scales (AC +7, Dex -2). [demonic ancestry]
   999 | D:2      | Reached XP level 3. HP: 24/29 MP: 3/3
  1002 | D:2      | Slain by a gnoll

Skill      XL: |  1  2 |
---------------+-------+-----
Dodging        | 2 |  2.2
Axes           | 3 |  3.2
Armour         | 2 |  2.0
Fighting       | |  3.1

Action                   || total
-------------------------++-------
Melee: Hand axe          ||    62
Armor: Animal skin       ||     6
       Ring mail         ||    17
       Plate armour      ||     8
Dodge: Dodged            ||    41
